 Dungeon Sprint DCSS version 0.22-a0-398-g8bb545f (webtiles) character file.

1708 emperorscorpion the Thaumaturge (level 8, 0/41 HPs)
             Began as a Deep Elf Fire Elementalist on May 4, 2018.
             Was a High Priest of Sif Muna.
             Slain by a four-headed hydra (16 damage)
             ... in the Dungeon (Sprint IX: "|||||||||||||||||||||||||||||").
             The game lasted 00:06:06 (618 turns).

emperorscorpion the Thaumaturge (DEFE)               Turns: 618, Time: 00:06:07

Health: 0/41       AC:  2    Str:  5    XL:     8   Next: 73%
Magic:  4/26       EV: 18    Int: 26    God:    Sif Muna [*****.]
Gold:   16         SH:  0    Dex: 15    Spells: 14/31 levels left

rFire    . . .     SeeInvis .   a - staff of energy
rCold    . . .     Gourm    .   (no shield)
rNeg     . . .     Faith    +   n - +0 robe
rPois    .         Spirit   .   (no helmet)
rElec    .         Reflect  .   (no cloak)
rCorr    .         Harm     .   (no gloves)
MR       .....     NoTele   +   (no boots)
Stlth    +++.......             z - amulet of faith
HPRegen  0.13/turn              t - +2 ring of evasion
MPRegen  0.20/turn              u - +3 ring of intelligence

@: lethally poisoned (0 -> -9)
A: no striking features
a: Divine Energy, Channel Magic, Forget Spell, Renounce Religion


You were in the Dungeon.
You worshipped Sif Muna.
Sif Muna was extremely pleased with you.
You were not hungry.

You visited 1 branch You collected 16 gold pieces.

Inventory:

Hand Weapons
 b - a +0 dagger of holy wrath
 o - a +2 rapier of distortion
 p - a +2 scimitar of holy wrath
Armour
 n - a +0 robe (worn)
 q - a +0 helmet
 r - a +0 pair of boots
 s - a +1 scale mail
 y - a +0 pair of gloves
Magical Staves
 a - an uncursed staff of energy (weapon)
Jewellery
 t - a +2 ring of evasion (left hand)
 u - a +3 ring of intelligence (right hand)
 z - an amulet of faith (around neck)
Wands
 m - a wand of iceblast (10)
Scrolls
 i - 2 scrolls of blinking
 k - 4 scrolls of remove curse
 l - 2 scrolls of amnesia
 A - a scroll of fog
 B - 2 scrolls of enchant weapon
 C - a scroll of identify
Potions
 d - 4 potions of curing
 e - 5 potions of heal wounds
 f - a potion of haste
 g - 4 potions of magic
 j - a potion of invisibility
 v - a potion of resistance
 w - a potion of berserk rage
 x - 4 potions of brilliance
Comestibles
 c - a ration
 h - 2 chunks of flesh


   Skills:
 + Level 2.3 Short Blades
 + Level 6.7 Dodging
 - Level 6.3 Stealth
 + Level 12.0 Spellcasting
 + Level 7.9 Conjurations
 + Level 11.9 Fire Magic
 * Level 8.4 Invocations
 + Level 5.4 Evocations


You had 14 spell levels left.
You knew the following spells:

 Your Spells              Type           Power        Failure   Level  Hunger
a - Flame Tongue          Conj/Fire      #####        1%          1    None
b - Conjure Flame         Conj/Fire      ######..     1%          3    None
c - Fireball              Conj/Fire      ######....   1%          5    None
d - Sticky Flame          Conj/Fire      ######..     1%          4    None
e - Throw Icicle          Conj/Ice       #####...     7%          4    None


Dungeon Overview and Level Annotations

Branches:
Dungeon (1/1)

Altars:
Cheibriados
Dithmenos
Elyvilon
Fedhas
Gozag
Hepliaklqana
Kikubaaqudgha
Makhleb
Nemelex Xobeh
Okawaru
Qazlal
Ru
Sif Muna
Trog
Uskayaw
Vehumet
Wu Jian
Xom
Yredelemnul
Zin
The Shining One
Beogh
Jiyva
Lugonu


Message History

Press: ? - help, Shift-Dir - straight line, f - four-headed hydra
Aim: a four-headed hydra (moderately wounded)
The fireball explodes!
The fireball engulfs the four-headed hydra.
The four-headed hydra is heavily wounded.
You feel sick.
You hear a roar!
A four-headed hydra comes into view.
You feel sick.
The four-headed hydra is engulfed in blazing flames.
Casting: Fireball (safe; 1% risk of failure)
Confirm with . or Enter, or press ? or * to list all spells.
Aiming: Sticky Flame (safe; 1% risk of failure)
Press: ? - help, Shift-Dir - straight line, f/p - four-headed hydra
Aim: a four-headed hydra (severely wounded)
The sticky flame hits the four-headed hydra.
The four-headed hydra is severely wounded.
The four-headed hydra is covered in liquid flames!
You feel sick.
The four-headed hydra burns!
The four-headed hydra bites you! x2
You die...

▓_▓.▓.▓
▓_▓.▓.▓
▓_▓.▓D▓
▓_▓.▓l▓
▓_▓.▓.▓
▓_▓.▓F▓
▓_▓.▓F▓
▓_▓.▓D▓
▓_▓.▓@▓
▓_▓.▓.▓
▓_▓.▓.▓
▓'▓.▓.▓
▓.▓.▓.▓
▓.▓.▓.▓
▓.▓.▓.▓
▓.▓.▓.▓
▓)▓.▓.▓


You could see 2 four-headed hydras, a komodo dragon, a spiny frog and a
bullfrog.

Vanquished Creatures
  An ugly thing (D)
  A gargoyle (D)
  A troll (D)
  2 water moccasins (D)
  An ice beast (D)
  2 ogres (D)
  A necrophage (D)
  A bullfrog (D)
  A killer bee (D)
  An iguana (D)
  3 worker ants (D)
  A dart slug (D)
  An orc (D)
  A ball python (D)
  2 bat zombies (D)
  A hobgoblin (D)
  A bat (D)
  A frilled lizard (D)
  A kobold (D)
24 creatures vanquished.

Notes
Turn   | Place    | Note
-------+----------+-------------------------------------------
     0 | D        | emperorscorpion the Deep Elf Fire Elementalist began the quest for the Orb.
     0 | D        | Reached XP level 1. HP: 10/10 MP: 6/6
    75 | D        | Noticed an iguana
    81 | D        | Reached XP level 2. HP: 12/15 MP: 2/8
    96 | D        | Reached skill level 4 in Spellcasting
    99 | D        | Reached skill level 5 in Fire Magic
    99 | D        | Reached XP level 3. HP: 19/19 MP: 3/11
   120 | D        | Found a roughly hewn altar of Beogh.
   120 | D        | Found a snail-covered altar of Cheibriados.
   120 | D        | Found a shadowy altar of Dithmenos.
   120 | D        | Found a white marble altar of Elyvilon.
   120 | D        | Found a blossoming altar of Fedhas.
   120 | D        | Found an opulent altar of Gozag.
   121 | D        | Found a hazy altar of Hepliaklqana.
   122 | D        | Found a viscous altar of Jiyva.
   123 | D        | Found an ancient bone altar of Kikubaaqudgha.
   124 | D        | Found a corrupted altar of Lugonu.
   125 | D        | Found a burning altar of Makhleb.
   126 | D        | Found a sparkling altar of Nemelex Xobeh.
   127 | D        | Found an iron altar of Okawaru.
   128 | D        | Found a stormy altar of Qazlal.
   129 | D        | Found a sacrificial altar of Ru.
   130 | D        | Found a deep blue altar of Sif Muna.
   131 | D        | Found a bloodstained altar of Trog.
   132 | D        | Found a hide-covered altar of Uskayaw.
   133 | D        | Found a radiant altar of Vehumet.
   134 | D        | Found an ornate altar of the Wu Jian Council.
   135 | D        | Found a shimmering altar of Xom.
   136 | D        | Found a basalt altar of Yredelemnul.
   137 | D        | Found a glowing silver altar of Zin.
   138 | D        | Became a worshipper of Sif Muna the Loreminder
   139 | D        | Found a glowing golden altar of the Shining One.
   174 | D        | Learned a level 3 spell: Conjure Flame
   174 | D        | Noticed a necrophage
   174 | D        | Noticed a troll
   174 | D        | Noticed a killer bee
   174 | D        | Noticed an ogre
   198 | D        | Killed an ogre
   198 | D        | Reached * piety under Sif Muna
   198 | D        | Reached skill level 5 in Stealth
   198 | D        | Reached skill level 6 in Spellcasting
   198 | D        | Reached XP level 4. HP: 24/24 MP: 5/14
   207 | D        | Reached skill level 1 in Short Blades
   207 | D        | Reached skill level 1 in Invocations
   207 | D        | Reached XP level 5. HP: 28/28 MP: 5/16
   209 | D        | Reached skill level 5 in Dodging
   209 | D        | Reached skill level 7 in Spellcasting
   244 | D        | Killed a troll
   244 | D        | Reached ** piety under Sif Muna
   244 | D        | Reached skill level 8 in Spellcasting
   244 | D        | Reached skill level 1 in Evocations
   244 | D        | Reached XP level 6. HP: 32/32 MP: 4/19
   281 | D        | Reached skill level 9 in Spellcasting
   281 | D        | Reached skill level 5 in Conjurations
   288 | D        | Learned a level 5 spell: Fireball
   293 | D        | Learned a level 4 spell: Sticky Flame
   308 | D        | Reached *** piety under Sif Muna
   308 | D        | Reached skill level 10 in Fire Magic
   308 | D        | Reached skill level 5 in Invocations
   308 | D        | Reached XP level 7. HP: 36/36 MP: 0/21
   341 | D        | Noticed a gargoyle
   341 | D        | Noticed a green ugly thing
   358 | D        | Killed a green ugly thing
   358 | D        | Reached **** piety under Sif Muna
   358 | D        | Reached skill level 10 in Spellcasting
   416 | D        | Reached skill level 11 in Spellcasting
   416 | D        | Reached XP level 8. HP: 26/41 MP: 4/25
   426 | D        | Killed a gargoyle
   454 | D        | Reached ***** piety under Sif Muna
   459 | D        | Identified Sif Muna's Grimoire of Creative Confrontation (Sif Muna gifted it to you in the Dungeon)
   459 | D        | Received a gift from Sif Muna
   459 | D        | Reached skill level 5 in Evocations
   466 | D        | Learned a level 4 spell: Throw Icicle
   611 | D        | Noticed a komodo dragon
   611 | D        | Noticed a spiny frog
   611 | D        | Noticed a four-headed hydra
   615 | D        | Reached skill level 12 in Spellcasting
   617 | D        | Noticed a four-headed hydra
   618 | D        | Slain by a four-headed hydra

Vault maps used:
D:        linesprint

Skill      XL: |  1  2  3  4  5  6  7  8 |
---------------+-------------------------+-----
Stealth        | 3 5 6 |  6.3
Fire Magic     | 4 5 7 8 9 10 11 | 11.9
Dodging        | 3 4 5 6 |  6.7
Spellcasting   | 4 6 8 9 11 12 | 12.0
Conjurations   | 2 3 4 5 6 7 |  7.9
Short Blades   | 1 2 |  2.3
Invocations    | 1 4 5 7 8 |  8.4
Evocations     | 1 2 3 5 |  5.4

Action                   |  1- 3 |  4- 6 |  7- 9 || total
-------------------------+-------+-------+-------++-------
Melee: Dagger            |     5 |       |       ||     5
 Cast: Flame Tongue      |    14 |    19 |     4 ||    37
       Conjure Flame     |     1 |     3 |     2 ||     6
       Fireball          |       |     1 |    14 ||    15
       Sticky Flame      |       |       |     3 ||     3
Invok: Channel Magic     |       |       |     1 ||     1
Evoke: Staff of energy   |       |     7 |    21 ||    28
  Use: Potion            |     1 |       |     1 ||     2
       Scroll            |       |       |     1 ||     1
  Eat: Chunk             |       |       |     1 ||     1
Armor: Robe              |    13 |       |       ||    13
Dodge: Dodged            |    17 |       |     4 ||    21

Table legend:
 A = Spawn XP
 B = Non-spawn XP
 C = Spawn XP percentage of total XP
 D = Spawn monster count
 E = Non-spawn monster count
 F = Spawn count percentage of total count
 G = Total turns spent on level
                    A         B        C        D         E        F      G
               +---------+---------+-------+---------+---------+-------+---------
         Total |       0 |    2440 |   0.0 |       0 |      24 |   0.0 |   618
               +---------+---------+-------+---------+---------+-------+---------
             D |       0 |    2440 |   0.0 |       0 |      24 |   0.0 |   618
               +---------+---------+-------+---------+---------+-------+---------
